 Dungeon Crawl Stone Soup version 0.30.0-29-ga12c61a403 (webtiles) character file.

Game seed: 2026322895899829405

492 hawla the Firebug (level 7, -2/50 HPs)
             Began as a Meteoran Fire Elementalist on June 13, 2023.
             Was an Initiate of Vehumet.
             Slain by an orc warrior
             ... wielding a +0 scimitar
              (8 damage)
             ... on level 6 of the Dungeon.
             The game lasted 00:06:33 (983 turns).

hawla the Firebug (Meteoran Fire Elementalist)       Turns: 983, Time: 00:06:33

Health: -2/50      AC:  2    Str:  9    XL:     7   Next: 64%
Magic:  1/14       EV: 13    Int: 19    God:    Vehumet [......]
Gold:   143        SH:  0    Dex: 15    Spells: 8/15 levels left

rFire   . . .        p - +4 flail (pain)
rCold   . . .        (no shield)
rNeg    . . .        a - +0 robe
rPois   .            (no helmet)
rElec   .            (no cloak)
rCorr   .            (no gloves)
SInv    .            (no boots)
Will    .....        o - amulet of regeneration
Stlth   +            (no ring)
HPRegen 1.08/turn    (no ring)
MPRegen 0.14/turn

%: no passive effects
@: hasted, glowing, very quick
A: sense surroundings 1, otherworldly, glowing, explore regen
a: Renounce Religion


You were on level 6 of the Dungeon.
You worshipped Vehumet.
Vehumet was noncommittal.
You visited 1 branch of the dungeon, and saw 6 of its levels.

You collected 143 gold pieces.

Inventory:

Hand Weapons
 p - a +4 flail of pain (weapon)
Armour
 a - a +0 robe (worn)
Jewellery
 o - an amulet of regeneration (around neck)
Scrolls
 d - 2 scrolls of identify {unknown}
 e - a scroll of fog {unknown}
 f - 2 scrolls of teleportation {unknown}
 g - a scroll of amnesia {unknown}
 h - a scroll of noise {unknown}
 j - a scroll of brand weapon {unknown}
 l - a scroll of blinking {unknown}
 m - a scroll of magic mapping {unknown}
 q - a scroll of torment {unknown}
Potions
 b - a potion of magic
 c - a potion of haste
 i - a potion of attraction {unknown}
 k - 2 potions of might {unknown}
 n - a potion of ambrosia {unknown}


   Skills:
 - Level 0.2 Fighting
 - Level 0.2 Maces & Flails
 - Level 2.8 Dodging
 - Level 1.4 Stealth
 - Level 4.6 Spellcasting
 - Level 5.5 Conjurations
 + Level 2.2 Necromancy
 - Level 5.6 Fire Magic


You had 8 spell levels left.
You knew the following spells:

 Your Spells              Type           Power      Damage    Failure   Level
a - Foxfire               Conj/Fire      100%       2x1d9     1%          1
b - Scorch                Fire           52%        2d7       1%          2
c - Flame Wave            Conj/Fire      25%        2d8       13%         4

Your spell library contained the following spells:

 Spells                   Type           Power      Damage    Failure   Level
 Inner Flame              Hex/Fire       15%        N/A       12%         3
 Volatile Blastmotes      Fire/Tloc      30%        2d12      12%         3


Dungeon Overview and Level Annotations

Branches:
Dungeon (6/15) Zot: 2609
 Temple: D:4-7

Altars:
Dithmenos
Vehumet


Innate Abilities, Weirdness & Mutations

You passively map a small area around you.
You are easily found by Zot.
You glow in the dark.
You regain HP and MP as you explore.


Message History

The foxfire hits the orc warrior but does no damage.
The orc warrior is moderately wounded.
Casting: Foxfire (safe; 1% risk of failure)
Confirm with . or Enter, or press ? or * to list all spells.
You don't know that spell.
Unknown command.
Casting: Foxfire (safe; 1% risk of failure)
Confirm with . or Enter, or press ? or * to list all spells.
Flames lash the orc warrior but do no damage.
The foxfire hits the orc warrior but does no damage.
The orc warrior is moderately wounded.
The foxfire hits the orc warrior.
The orc warrior is heavily wounded.
Casting: Scorch (safe; 1% risk of failure)
Confirm with . or Enter, or press ? or * to list all spells.
Flames lash the orc warrior but do no damage.
You hear a shout!
An orc comes into view. It is wielding a +0 whip.
The orc warrior hits you with a +0 scimitar!!
Unknown command.
Casting: Scorch (safe; 1% risk of failure)
Confirm with . or Enter, or press ? or * to list all spells.
You conjure some foxfire!
An orc wizard comes into view. It is wielding a +1 dagger of venom.
The orc warrior completely misses you.
You hit the orc warrior.
The orc warrior writhes in agony.
The orc warrior is severely wounded.
The foxfire hits the orc warrior but does no damage.
The orc warrior is severely wounded.
The foxfire hits the orc warrior.
The orc warrior is severely wounded.
The orc warrior hits you with a +0 scimitar!
You hit the orc warrior.
The orc warrior writhes in agony.
The orc warrior is severely wounded.
The orc warrior hits you with a +0 scimitar!
* * * LOW HITPOINT WARNING * * *
Unknown command.
It was a potion of haste.
You feel yourself speed up.
The orc warrior hits you with a +0 scimitar!
You die...

* , , , , ...# , ,...# ,
, ....#
################+##o...#
..........(........o...#
.......................#
................o......#
................@......#
..............####.....#
..............# * ....#
..........#####, ,...#
......##### ..# ......#
, * +## .....## *+** , *
.....+ , , , , .....#
*,, ,,


You could see an orc warrior, an orc wizard and an orc.

Vanquished Creatures
  Sigmund (D:3)
  Edmund (D:5)
  An orc wizard (D:4)
  2 sleepcaps (D:6)
  An iguana (D:6)
  A statue (D:4)
  Robin (D:3)
  3 adders
  A dart slug (D:3)
  6 orcs
  A bat (D:2)
  6 endoplasms
  2 giant cockroaches
  10 goblins
  3 hobgoblins
  2 jackals (D:2)
  3 kobolds
  A quokka (D:2)
  3 ball pythons
  5 frilled lizards
  2 rats
56 creatures vanquished.

Vanquished Creatures (others)
  126 foxfires
126 creatures vanquished.

Grand Total: 182 creatures vanquished

Notes
Turn   | Place    | Note
-------+----------+-------------------------------------------
     0 | D:1      | hawla the Meteoran Fire Elementalist began the quest for
                  | the Orb.
     0 | D:1      | Reached XP level 1. HP: 14/14 MP: 5/5
   107 | D:2      | Reached XP level 2. HP: 19/20 MP: 1/6
   110 | D:2      | Learned a level 2 spell: Scorch
   158 | D:3      | Noticed Sigmund
   267 | D:2      | Reached XP level 3. HP: 26/26 MP: 5/8
   409 | D:3      | Noticed Robin
   422 | D:2      | Reached XP level 4. HP: 10/33 MP: 1/9
   476 | D:2      | Found a faded altar of an unknown god.
   493 | D:2      | Learned a level 4 spell: Flame Wave
   532 | D:3      | Killed Sigmund
   533 | D:3      | Reached skill level 5 in Fire Magic
   533 | D:3      | Reached XP level 5. HP: 38/38 MP: 4/11
   533 | D:3      | Reached XP level 6. HP: 45/45 MP: 4/12
   536 | D:3      | Killed Robin
   575 | D:3      | Found a shadowy altar of Dithmenos.
   736 | D:4      | Reached skill level 5 in Conjurations
   809 | D:4      | Found a radiant altar of Vehumet.
   823 | D:4      | Became a worshipper of Vehumet
   853 | D:5      | Entered Level 5 of the Dungeon
   898 | D:5      | Noticed Edmund
   908 | D:5      | Killed Edmund
   909 | D:5      | Reached XP level 7. HP: 35/50 MP: 3/14
   958 | D:6      | Reached skill level 1 in Necromancy
   983 | D:6      | Slain by an orc warrior

Illustrated notes

Levels and vault maps discovered:
D:1:      dpeg_arrival_three_smaller_balls, layout_basic
D:2:      layout_loops_ring, ebering_ecumenical_altar_rust
D:3:      layout_basic, jmf_multi_god_temple, nicolae_overflow_crystal_walls,
          kennysheep_generic_room_9, uniq_robin, uniq_jessica, uniq_sigmund,
          uniq_ijyb
D:4:      kennysheep_goblin_castle, layout_loops_cross, vehumet_statue,
          reono_crystal_passage
D:5:      layout_loops_ring, minmay_temple_entry_mist, uniq_duvessa, uniq_edmund
D:6:      layout_gridville, mainiacjoe_overflow_six_doors_small

Skill      XL: |  1  2  3  4  5  6  7 |
---------------+----------------------+-----
Fire Magic     | 4 5 |  5.6
Spellcasting   | 3 4 |  4.6
Conjurations   | 2 4 5 |  5.5
Necromancy     | 2 |  2.2
Fighting       | |  0.2
Maces & Flails | |  0.2
Dodging        | |  2.8
Stealth        | |  1.4

Action                     |  1- 3 |  4- 6 |  7- 9 || total
---------------------------+-------+-------+-------++-------
  Melee: Unarmed           |     3 |       |       ||     3
         Morningstar       |       |     7 |       ||     7
         Flail             |       |       |     7 ||     7
         Punch             |       |       |     1 ||     1
   Cast: Foxfire           |    40 |    28 |     7 ||    75
         Scorch            |     3 |    17 |     9 ||    29
         Flame Wave        |       |     2 |       ||     2
    Use: Potion            |       |     1 |     1 ||     2
 Armour: Robe              |     5 |     3 |       ||     8
  Dodge: Dodged            |    14 |     5 |     3 ||    22
